 Dungeon Crawl Stone Soup version 0.28.0-53-g5a82cb258f (webtiles) character file.

Game seed: 10924847745669897926

1581 SanguineChosen the Cleaver (level 8, -10/70 HPs)
             Began as a Minotaur Berserker on July 28, 2022.
             Was an Elder of Trog.
             Mangled by Duvessa
             ... wielding a +0 short sword
              (18 damage)
             ... on level 6 of the Dungeon.
             The game lasted 00:22:45 (6322 turns).

SanguineChosen the Cleaver (Minotaur Berserker)     Turns: 6322, Time: 00:22:46

Health: -10/70     AC: 13    Str: 23    XL:     8   Next: 60%
Magic:  7/7        EV:  8    Int:  4    God:    Trog [****..]
Gold:   139        SH:  0    Dex: 11    Spells: 7/7 levels left

rFire   . . .      SeeInvis .   n - +0 hand axe (freeze)
rCold   . . .      Faith    .   (no shield)
rNeg    . . .      Spirit   .   m - +0 plate armour
rPois   .          Reflect  .   (helmet restricted)
rElec   .          Harm     .   (no cloak)
rCorr   .          Rampage  .   (no gloves)
Will    .....                   (no boots)
Stlth   ..........              (no amulet)
HPRegen 0.21/turn               l - +4 ring of slaying
MPRegen 0.10/turn               (no ring)

@: no status effects
A: horns 2, retaliatory headbutt
a: Renounce Religion, Berserk, Trog's Hand, Brothers in Arms


You were on level 6 of the Dungeon.
You worshipped Trog.
Trog was greatly pleased with you.
You visited 1 branch of the dungeon, and saw 6 of its levels.

You collected 139 gold pieces.

Inventory:

Hand Weapons
 j - the +6 long sword of the Thieving Ancients {antimagic, rF+++ rN+ Str-2 SInv}
   (You found it on level 5 of the Dungeon)

   It reduces the magical energy of the wielder, and disrupts the spells and
   magical abilities of those it strikes.
   Natural abilities and divine invocations are not affected.
   Str:       It affects your strength (-2).
   rF:        It renders you almost immune to fire.
   rN:        It protects you from negative energy.
   SInv:      It lets you see invisible.
 n - a +0 hand axe of freezing (weapon)
 o - a +2 mace
Missiles
 i - 13 poisoned darts (quivered)
Armour
 m - a +0 plate armour (worn)
Jewellery
 a - an amulet of faith
 l - a +4 ring of slaying (left hand)
Wands
 p - a wand of charming (6)
 r - a wand of flame (14)
Scrolls
 e - 3 scrolls of identify
 h - 3 scrolls of teleportation
 q - a scroll of fog
Potions
 b - a potion of attraction {unknown}
 c - a potion of curing
 d - 3 potions of mutation {unknown}
 f - 2 potions of lignification
 g - a potion of heal wounds {unknown}
 k - a potion of ambrosia


   Skills:
 + Level 6.1 Fighting
 + Level 9.0 Axes
 + Level 0.3 Throwing
 + Level 8.2 Armour
 + Level 3.7 Dodging
 + Level 1.0 Stealth


You had 7 spell levels left.
You didn't know any spells.
Your spell library was empty.

Dungeon Overview and Level Annotations

Branches:
Dungeon (6/15)
 Temple: D:4-7

Altars:
Ashenzari
Cheibriados
Makhleb

Annotations:
D:6 Duvessa


Innate Abilities, Weirdness & Mutations

You have a pair of horns on your head.
You reflexively headbutt those who attack you in melee.


Message History

You hit Duvessa but do no damage.
Duvessa is lightly wounded.
Duvessa hits you with a +0 short sword.
You barely miss Duvessa. Your headbutt misses Duvessa.
Duvessa is lightly wounded.
Duvessa hits you with a +0 short sword!
You hit Duvessa. You freeze Duvessa.
Duvessa is moderately wounded.
Duvessa hits you with a +0 short sword!
You closely miss Duvessa. You headbutt Duvessa!
Duvessa is heavily wounded.
Duvessa hits you with a +0 short sword! x2
You hit Duvessa. You freeze Duvessa.
Duvessa is heavily wounded.
Duvessa hits you with a +0 short sword.
* * * LOW HITPOINT WARNING * * *
You hit Duvessa. You freeze Duvessa.
Duvessa is severely wounded.
Duvessa barely misses you.
You feel better. Duvessa hits you with a +0 short sword!
* * * LOW HITPOINT WARNING * * *
Duvessa hits you with a +0 short sword.
* * * LOW HITPOINT WARNING * * *
You feel better. Duvessa hits you with a +0 short sword!
* * * LOW HITPOINT WARNING * * *
You feel better. Duvessa hits you but does no damage.
Duvessa hits you with a +0 short sword.
* * * LOW HITPOINT WARNING * * *
You slash Duvessa! You freeze Duvessa. Your headbutt misses Duvessa.
Duvessa is almost dead.
Duvessa hits you with a +0 short sword.
* * * LOW HITPOINT WARNING * * *
You barely miss Duvessa. You headbutt Duvessa.
Duvessa is almost dead.
Duvessa hits you with a +0 short sword!
* * * LOW HITPOINT WARNING * * *
You hit Duvessa. You freeze Duvessa.
Duvessa is almost dead.
Duvessa hits you with a +0 short sword!!
You die...

#.#.#.#.#.# ....
##.#.#.#.#.#.# ####..
#..#.#.#...#.# ..#..
#..#.#.......# #.#..
#..#.......... #.#..
#.........#... #....
#..#......# .. #....
##....e...#
.######... ###..@...#
.##....... #......#
..##......#
#......#...##.......
##......#...##.......
#...........##.......
#...........##......#
#..........###.......
#..........# #.......
#..........# #.......


You could see Duvessa (berserk).

Vanquished Creatures
  Sigmund (D:6)
  2 ice beasts
  An ogre (D:5)
  3 scorpions
  A water moccasin skeleton (D:5)
  Dowan (D:6)
  4 wights
  A centaur zombie (D:6)
  3 jellies
  A bullfrog zombie (D:5)
  2 hounds
  A bullfrog skeleton (D:5)
  A gnoll shaman (D:5)
  4 iguanas
  5 orc wizards
  A mummy (D:5)
  7 gnolls
  A howler monkey skeleton (D:4)
  An adder (D:3)
  2 shadow imps
  A worm (D:2)
  A dart slug (D:1)
  17 orcs
  A bat (D:1)
  3 endoplasms
  5 giant cockroaches
  9 goblins
  7 hobgoblins
  3 jackals (D:1)
  5 quokkas
  7 ball pythons
  2 frilled lizards
  6 kobolds
  3 rats
113 creatures vanquished.

Notes
Turn   | Place    | Note
-------+----------+-------------------------------------------
     0 | D:1      | SanguineChosen the Minotaur Berserker began the quest for
                  | the Orb.
     0 | D:1      | Reached XP level 1. HP: 19/19 MP: 0/0
   444 | D:1      | Reached skill level 4 in Axes
   444 | D:1      | Reached XP level 2. HP: 23/24 MP: 1/1
   856 | D:1      | Found a faded altar of an unknown god.
   975 | D:1      | Reached XP level 3. HP: 31/32 MP: 2/2
  1446 | D:1      | Reached ** piety under Trog
  2014 | D:2      | Reached skill level 5 in Axes
  2014 | D:2      | Reached XP level 4. HP: 31/40 MP: 3/3
  2693 | D:3      | Reached XP level 5. HP: 46/47 MP: 4/4
  3219 | D:4      | Found a burning altar of Makhleb.
  3219 | D:4      | Noticed a balrug
  3325 | D:4      | Reached skill level 6 in Axes
  3329 | D:4      | Reached XP level 6. HP: 30/53 MP: 5/5
  4031 | D:5      | Entered Level 5 of the Dungeon
  4070 | D:5      | Reached skill level 5 in Fighting
  4193 | D:5      | Reached skill level 5 in Armour
  4193 | D:5      | Reached XP level 7. HP: 61/61 MP: 6/6
  4213 | D:5      | Reached *** piety under Trog
  4658 | D:5      | Reached skill level 7 in Axes
  4749 | D:5      | Found a snail-covered altar of Cheibriados.
  5535 | D:5      | Identified the +6 long sword of the Thieving Ancients
                  | {antimagic, rF+++ rN+ Str-2 SInv}
  5581 | D:6      | Found a broken altar of Ashenzari.
  5691 | D:6      | Reached XP level 8. HP: 69/69 MP: 7/7
  5803 | D:5      | Reached skill level 8 in Axes
  6076 | D:6      | Reached **** piety under Trog
  6116 | D:6      | Noticed Sigmund
  6142 | D:6      | Killed Sigmund
  6143 | D:6      | Reached skill level 1 in Stealth
  6280 | D:6      | Reached skill level 9 in Axes
  6286 | D:6      | Noticed Dowan
  6296 | D:6      | Killed Dowan
  6299 | D:6      | Noticed Duvessa
  6322 | D:6      | Mangled by Duvessa

Illustrated notes

Levels and vault maps discovered:
D:1:      heliophobic_arrival_ceremonial_halls, layout_rooms,
          ebering_ecumenical_altar_petrified
D:2:      layout_loops_ring
D:3:      layout_rooms
D:4:      layout_loops_ring, makhleb_altar_promises_db, roderic_filled_cross
D:5:      layout_loops_ring, chei_slow_surprise, kennysheep_minor_cross
D:6:      layout_basic, mainiacjoe_overflow_concentric_impassable, zin_angel,
          temple_doors_e, minmay_misc_feat_more_columns,
          corexii_leaking_fountain, uniq_duvessa, uniq_maggie, uniq_sigmund

Skill      XL: |  1  2  3  4  5  6  7  8 |
---------------+-------------------------+-----
Axes           | 4 5 6 7 9 |  9.0
Fighting       | 4 5 6 |  6.1
Armour         | 3 4 5 7 8 |  8.2
Dodging        | 3 |  3.7
Stealth        | 1 |  1.0
Throwing       | |  0.3

Action                   |  1- 3 |  4- 6 |  7- 9 || total
-------------------------+-------+-------+-------++-------
Melee: Hand axe          |    87 |    94 |   126 ||   307
       Headbutt          |    10 |    15 |    15 ||    40
       Punch             |       |     2 |     2 ||     4
Throw: Dart              |       |       |     6 ||     6
  Use: Scroll            |       |     4 |     1 ||     5
       Potion            |       |       |     5 ||     5
Armor: Scale mail        |    17 |     6 |       ||    23
       Animal skin       |     2 |       |       ||     2
       Chain mail        |       |    11 |    17 ||    28
       Plate armour      |       |       |    51 ||    51
Dodge: Dodged            |    36 |    34 |    36 ||   106
